 Dungeon Crawl Stone Soup version 0.21.1-1-g345015f (webtiles) character file.

162 Heatsaber the Skirmisher (level 5, -1/42 HPs)
             Began as a Formicid Abyssal Knight on May 22, 2018.
             Was a Believer of Lugonu.
             Killed from afar by Natasha (7 damage)
             ... with a magic dart
             ... on level 3 of the Dungeon.
             The game lasted 00:12:40 (2962 turns).

Heatsaber the Skirmisher (Formicid Abyssal Knight)  Turns: 2962, Time: 00:12:41

Health: -1/42      AC:  4    Str: 18    XL:     5   Next: 71%
Magic:  5/6        EV: 11    Int: 11    God:    Lugonu [**....]
Gold:   95         SH:  0    Dex: 10    Spells: 4/4 levels left

rFire    . . .     SeeInvis +   a - +1 hand axe
rCold    . . .     Gourm    .   (no shield)
rNeg     . . .     Faith    .   b - +1 leather armour
rPois    .         Spirit   .   (helmet unavailable)
rElec    .         Reflect  .   (no cloak)
rCorr    .         Harm     .   (no gloves)
MR       .....                  (no boots)
Stlth    +.........             d - amulet of inaccuracy (curse)
HPRegen  0.14/turn              (no ring)
MPRegen  0.10/turn              (no ring)

@: no status effects
A: permanent stasis, dig shafts and tunnels, four strong arms, antennae 3
a: Dig, Shaft Self, Depart the Abyss, Bend Space, Renounce Religion


You were on level 3 of the Dungeon.
You worshipped Lugonu.
Lugonu was pleased with you.
You were hungry.

You visited 1 branch of the dungeon, and saw 3 of its levels.
You visited the Abyss 1 time.

You collected 95 gold pieces.

Inventory:

Hand Weapons
 a - a +1 hand axe (weapon)
Armour
 b - a +1 leather armour (worn)
Jewellery
 d - a cursed amulet of inaccuracy (around neck)
Scrolls
 g - a scroll of identify
 h - 2 scrolls of enchant armour
Potions
 e - a potion of flight
 k - a potion of degeneration
 l - a potion of experience {unknown}
Books
 j - a book of Minor Magic

   Spells                             Type                      Level
   a - Magic Dart                     Conjuration                  1
   b - Blink                          Translocation                2
   c - Call Imp                       Summoning                    2
   d - Slow                           Hexes                        2
   e - Conjure Flame                  Conjuration/Fire             3
   f - Mephitic Cloud                 Conjuration/Poison/Air       3
Comestibles
 c - 8 rations


   Skills:
 + Level 4.3 Fighting
 * Level 4.2 Axes
 + Level 3.1 Armour
 - Level 0.8 Dodging
 + Level 0.2 Stealth
 + Level 2.3 Invocations


You had 4 spell levels left.
You didn't know any spells.

Dungeon Overview and Level Annotations

Branches:
Dungeon (3/15)

Altars:

Annotations:
D:3 Natasha


Innate Abilities, Weirdness & Mutations

You cannot be hasted, slowed, berserked, paralysed or teleported.
You can dig through walls and to a lower floor.
Your four strong arms can wield two-handed weapons with a shield.
You have a pair of large antennae on your head. (SInv)


Message History

You slash Natasha!
You kill Natasha!
Lugonu accepts your kill.
Natasha growls in agony!
The iron imp disappears in a puff of smoke!
The crimson imp disappears in a puff of smoke!
You are starting to lose your buoyancy.
Space bends around you!
You blink.
Found a ration.
Found a stone staircase leading down.
Found 14 gold pieces.
You float gracefully downwards.
You see here 14 gold pieces.
Natasha, Servant of Life and Death comes into view.
Space bends around you!
You blink.
Natasha mumbles some strange words.
Natasha wildly gestures.
You feel troubled. Natasha casts a spell at you. The magic dart hits you!
You die...

#.### ###########.##.#.# #...#
#.##.#.# ###.# #......# #.#
############.##.### #.#
#...............####
#.###.###.#..##.######.#
#............##.# ##...
#####.###.#.###.# ##....
#..@...5....###.....
####.h.#####........ #...#
#.##....# #...# #.##..#.# ##
##### #...#####........ #.#
...# #g..##........#..
#.####.#######...##.#####..#..
##...................# #..#..
. .....................#
#)##..


You could see Natasha, a gnoll and a crimson imp.

Vanquished Creatures
  Natasha (twice) (D:3)
  2 gnolls (D:3)
  3 adders
  2 oozes (D:2)
  A dart slug (D:2)
  6 leopard geckos
  4 bats
  6 goblins
  6 hobgoblins
  3 jackals
  3 quokkas
  A ball python (D:2)
  2 kobolds
  10 rats
51 creatures vanquished.

Notes
Turn   | Place    | Note
-------+----------+-------------------------------------------
     0 | Abyss:1  | Heatsaber the Formicid Abyssal Knight began the quest for the Orb.
     0 | Abyss:1  | Reached XP level 1. HP: 18/18 MP: 2/2
    14 | D:1      | Escaped the Abyss
   328 | D:1      | Reached XP level 2. HP: 24/24 MP: 3/3
   825 | D:1      | Reached XP level 3. HP: 25/30 MP: 4/4
  1109 | D:2      | Reached ** piety under Lugonu
  1389 | D:2      | Reached XP level 4. HP: 35/37 MP: 5/5
  2467 | D:3      | Reached XP level 5. HP: 34/42 MP: 6/6
  2801 | D:3      | Noticed Natasha
  2812 | D:3      | Killed Natasha
  2908 | D:3      | Noticed Natasha
  2934 | D:3      | Killed Natasha
  2959 | D:3      | Noticed Natasha
  2962 | D:3      | Killed from afar by Natasha

Skill      XL: |  1  2  3  4  5 |
---------------+----------------+-----
Fighting       | 4 |  4.3
Axes           | 3 4 |  4.2
Armour         | 3 |  3.1
Dodging        | |  0.8
Stealth        | |  0.2
Invocations    | |  2.3

Action                   |  1- 3 |  4- 6 || total
-------------------------+-------+-------++-------
Melee: Hand axe          |   123 |   144 ||   267
Invok: Bend Space        |       |     2 ||     2
  Use: Scroll            |     4 |     3 ||     7
       Potion            |       |     2 ||     2
  Eat: Chunk             |     2 |     4 ||     6
Armor: Leather armour    |    49 |    37 ||    86
Dodge: Dodged            |   106 |    82 ||   188
